 Dungeon Crawl Stone Soup version 0.30.0-29-ga12c61a403 (webtiles) character file.

Game seed: 8520463590381532334

452 Cheops the Sneak (level 6, -2/48 HPs)
             Began as an Armataur Earth Elementalist on June 8, 2023.
             Succumbed to Edmund's poison
             ... on level 4 of the Dungeon.
             The game lasted 00:08:23 (4130 turns).

Cheops the Sneak (Armataur Earth Elementalist)      Turns: 4130, Time: 00:08:23

Health: -2/48      AC:  9    Str: 13    XL:     6   Next: 75%
Magic:  1/9        EV: 10    Int: 18    God:
Gold:   151        SH:  0    Dex: 16    Spells: 3/9 levels left

rFire   . . .        a - +1 dagger (protect)
rCold   . . .        (no shield)
rNeg    . . .        d - +0 robe
rPois   .            (no helmet)
rElec   .            (no cloak)
rCorr   .            n - +0 pair of gloves
SInv    .            (no barding)
Will    .....        f - amulet of regeneration
Stlth   +++          c - +4 ring of protection
HPRegen 1.08/turn    j - +6 ring of dexterity
MPRegen 0.11/turn

%: roll
@: lethally poisoned (-2 -> -13)
A: large, rugged brown scales 3, deformed body, armoured tail, roll, long
tongue, awkward tongue
a: no special abilities


You were on level 4 of the Dungeon.
You visited 1 branch of the dungeon, and saw 4 of its levels.

You collected 151 gold pieces.

Inventory:

Hand Weapons
 a - a +1 dagger of protection (weapon)
 b - a +2 short sword of draining
Armour
 d - a +0 robe (worn)
 l - a +2 scale mail of poison resistance
 n - a +0 pair of gloves (worn)
Jewellery
 c - a +4 ring of protection (left hand)
 f - an amulet of regeneration (around neck)
 j - a +6 ring of dexterity (right hand)
Wands
 e - a wand of mindburst (1)
Scrolls
 g - 2 scrolls of fog {unknown}
 i - 2 scrolls of enchant armour {unknown}
 k - a scroll of magic mapping
 p - a scroll of immolation
 q - 2 scrolls of teleportation {unknown}
 r - a scroll of vulnerability
Potions
 h - a potion of degeneration
 o - a potion of magic


   Skills:
 - Level 1.3 Dodging
 + Level 5.2 Stealth
 - Level 2.0 Spellcasting
 * Level 2.8 Conjurations
 - Level 0.8 Transmutations
 - Level 5.0 Earth Magic


You had 3 spell levels left.
You knew the following spells:

 Your Spells              Type           Power      Damage    Failure   Level
a - Sandblast             Erth           38%        2d10      2%          1
b - Stone Arrow           Conj/Erth      30%        3d8       11%         3
P - Passwall              Tmut/Erth      10%        N/A       9%          2

Your spell library contained the following spells:

 Spells                   Type           Power      Damage    Failure   Level
 Petrify                  Tmut/Erth      12%        N/A       47%         4
 Animate Dead             Necr           1%         N/A       87%         4
 Haunt                    Necr/Summ      0%         N/A       100%        7
 Infestation              Necr           0%         N/A       100%        8


Dungeon Overview and Level Annotations

Branches:
Dungeon (4/15)
 Temple: D:4-7

Altars:

Annotations:
D:4 Edmund


Innate Abilities, Weirdness & Mutations

You are completely covered in rugged brown scales. (AC +3, +7% HP)
Armour fits poorly on your strangely shaped body.
You have a long armoured tail.
You roll when moving toward enemies. (Rampage)
Your long tongue fully drains potion bottles. (2x potion effects)
Your tongue gives you trouble enunciating. (1.5x scroll delay)


Message History

You are lethally poisoned!
Aiming: Mindburst
Press: ? - help, Shift-Dir - straight line, f/p - Edmund
Aim: Edmund, wielding a +2 dire flail of venom and wearing a +0 chain mail (moderately wounded, chance to affect: 64%) Edmund struggles to resist.
* * * LOW HITPOINT WARNING * * *
You feel very sick. Edmund closely misses you.
Aiming: Mindburst
Press: ? - help, Shift-Dir - straight line, f/p - Edmund
Aim: Edmund, wielding a +2 dire flail of venom and wearing a +0 chain mail (moderately wounded, chance to affect: 64%) Edmund struggles to resist.
* * * LOW HITPOINT WARNING * * *
You feel very sick. Edmund barely misses you.
You feel better.
You slurp down every last drop of the potion of curing!
Edmund closely misses you.
Aiming: Mindburst
Press: ? - help, Shift-Dir - straight line, f/p - Edmund
Aim: Edmund, wielding a +2 dire flail of venom and wearing a +0 chain mail (moderately wounded, chance to affect: 64%) Edmund struggles to resist.
Edmund hits you with a +2 dire flail of venom.
* * * LOW HITPOINT WARNING * * *
You are poisoned.
Aiming: Mindburst
Press: ? - help, Shift-Dir - straight line, f/p - Edmund
Aim: Edmund, wielding a +2 dire flail of venom and wearing a +0 chain mail (moderately wounded, chance to affect: 64%) Edmund's mind is blasted!
You feel very sick.
You hear a croak.
Edmund hits you with a +2 dire flail of venom!
* * * LOW HITPOINT WARNING * * *
You are more poisoned.
A bullfrog comes into view.
Aiming: Mindburst
Press: ? - help, Shift-Dir - straight line, f/p - Edmund
Aim: Edmund, wielding a +2 dire flail of venom and wearing a +0 chain mail (heavily wounded, chance to affect: 64%) Edmund struggles to resist.
You die...

.......))..#
##
#.#....<).#
.# #.....)..#
..#......####
>....##. F.##
#. #.# ## #@#
#@# #.# #.#
#.##### ###
#.#...# #.##
#.....# #..#
###...# #..#
##.## #.(#
#######.#
####..#####


You could see Edmund and a bullfrog.

Vanquished Creatures
  A black bear (D:4)
  3 orc priests
  Ijyb (D:4)
  Natasha (thrice) (D:2)
  3 gnolls (D:4)
  6 adders
  4 worms
  A dart slug (D:1)
  7 orcs
  9 ball pythons
  3 endoplasms
  A giant cockroach (D:1)
  9 goblins
  5 hobgoblins
  2 jackals (D:1)
  2 quokkas
  5 bats
  7 frilled lizards
  7 kobolds
  2 rats (D:1)
81 creatures vanquished.

Notes
Turn   | Place    | Note
-------+----------+-------------------------------------------
     0 | D:1      | Cheops the Armataur Earth Elementalist began the quest for
                  | the Orb.
     0 | D:1      | Reached XP level 1. HP: 14/14 MP: 3/3
   117 | D:1      | Reached XP level 2. HP: 21/21 MP: 1/5
   918 | D:1      | Learned a level 2 spell: Passwall
  1016 | D:2      | Noticed Natasha
  1025 | D:2      | Killed Natasha
  1026 | D:2      | Reached XP level 3. HP: 14/27 MP: 1/6
  1084 | D:2      | Noticed Natasha
  1088 | D:2      | Killed Natasha
  1089 | D:2      | Reached XP level 4. HP: 34/35 MP: 2/7
  1333 | D:2      | Noticed Natasha
  1338 | D:2      | Killed Natasha
  1867 | D:2      | Reached XP level 5. HP: 37/40 MP: 1/8
  2701 | D:3      | Reached skill level 5 in Earth Magic
  2706 | D:3      | Learned a level 3 spell: Stone Arrow
  3582 | D:4      | Reached skill level 1 in Conjurations
  3582 | D:4      | Reached XP level 6. HP: 26/48 MP: 3/9
  3707 | D:4      | Reached skill level 5 in Stealth
  3925 | D:4      | Noticed Ijyb
  3939 | D:4      | Killed Ijyb
  4113 | D:4      | Noticed Edmund
  4129 | D:4      | HP: 2/48 [Edmund/+2 dire flail of venom (12)]
  4130 | D:4      | Succumbed to Edmund's poison

Illustrated notes

Levels and vault maps discovered:
D:1:      tarquinn_simple_flora_water_f, layout_loops_ring
D:2:      layout_loops_corners, uniq_natasha
D:3:      layout_basic, chequers_serial_rivers_micro_e
D:4:      layout_loops_ring, gammafunk_temple_overflow_pools, uniq_edmund,
          uniq_ijyb, uniq_blork_the_orc

Skill      XL: |  1  2  3  4  5  6 |
---------------+-------------------+-----
Spellcasting   | 2 |  2.0
Earth Magic    | 3 4 5 |  5.0
Stealth        | 3 4 5 |  5.2
Conjurations   | 1 2 |  2.8
Dodging        | |  1.3
Transmutations | |  0.8

Action                     |  1- 3 |  4- 6 || total
---------------------------+-------+-------++-------
  Melee: Unarmed           |     6 |       ||     6
         Dagger            |     5 |    24 ||    29
         Tailslap          |       |     4 ||     4
         Punch             |       |     1 ||     1
   Cast: Sandblast         |    40 |    83 ||   123
         Stone Arrow       |       |    10 ||    10
  Evoke: Wand              |       |     8 ||     8
    Use: Scroll            |       |     7 ||     7
         Potion            |       |     1 ||     1
 Armour: Robe              |    22 |    25 ||    47
  Dodge: Dodged            |    17 |    26 ||    43
